 Dungeon Crawl Stone Soup version 0.30-a0-354-g6b83867211 (webtiles) character file.

Game seed: 10096937924970076609

19296 snetch the Cleaver (level 12, -15/111 HPs)
             Began as a Minotaur Berserker on Nov 4, 2022.
             Was an Elder of Trog.
             Demolished by Sonja
             ... wielding a +2 short sword of distortion
              (22 damage)
             ... on level 12 of the Dungeon on Nov 7, 2022.
             The game lasted 00:45:59 (10883 turns).

snetch the Cleaver (Minotaur Berserker)            Turns: 10883, Time: 00:46:00

Health: -15/111    AC: 18    Str: 26    XL:     12   Next: 35%
Magic:  11/11      EV: 18    Int:  4    God:    Trog [****..]
Gold:   532        SH:  0    Dex: 17    Spells: 11/11 levels left

rFire   + . .      SeeInvis .    b - +2 whip (elec)
rCold   . . .      Faith    .    (no shield)
rNeg    + + .      Spirit   .    G - +0 pearl dragon scales
rPois   .          Reflect  .    (helmet restricted)
rElec   .          Harm     +    i - scarf {harm}
rCorr   .          Rampage  .    (no gloves)
Will    .....                    n - +2 pair of boots
Stlth   +.........               D - macabre finger necklace {rN+}
HPRegen 0.38/turn                o - +6 ring of dexterity
MPRegen 0.12/turn                g - +4 ring of evasion
                                 W - ring of protection from fire

@: lethally poisoned (-15 -> -30), slowed, very slow
A: horns 2, retaliatory headbutt
a: Renounce Religion, Berserk, Trog's Hand, Brothers in Arms


You were on level 12 of the Dungeon.
You worshipped Trog.
Trog was greatly pleased with you.
You visited 2 branches of the dungeon, and saw 14 of its levels.
You also visited: Bailey.

You collected 849 gold pieces.
You spent 317 gold pieces at shops.

Inventory:

Hand Weapons
 a - a +4 vorpal hand axe
 b - a +2 whip of electrocution (weapon)
 c - a +0 trident of venom
 Y - the +3 glaive "Torol" {speed, rC+ Str+6}
   (You found it on level 10 of the Dungeon)

   Attacks with this weapon are significantly faster.
   Str:       It affects your strength (+6).
   rC:        It protects you from cold.
Missiles
 d - 4 poisoned darts (quivered)
 k - 108 stones
 z - 7 boomerangs
 U - 4 atropa-tipped darts
 V - 2 javelins
Armour
 i - a scarf of harm (worn)
 n - a +2 pair of boots (worn)
 G - +0 pearl dragon scales (worn)
Jewellery
 e - a +6 ring of intelligence
 g - a +4 ring of evasion (right hand)
 o - a +6 ring of dexterity (left hand)
 r - an amulet of reflection
 w - a ring of positive energy
 D - the macabre finger necklace (around neck) {rN+}
   (You found it on level 4 of the Dungeon)

   [amulet of nothing]

   It enables you to equip an extra ring.
   rN:        It protects you from negative energy.
 W - a ring of protection from fire (on amulet)
 X - an amulet of faith
Wands
 s - a wand of flame (51)
 J - a wand of mindburst (15)
 K - a wand of roots (9)
 L - a wand of light (12)
 P - a wand of charming (5)
 Q - a wand of digging (11)
Scrolls
 f - 6 scrolls of teleportation {unknown}
 v - 4 scrolls of fog
 x - 4 scrolls of enchant weapon {unknown}
 A - 7 scrolls of vulnerability {unknown}
 B - a scroll of torment
 C - 7 scrolls of immolation
 E - 2 scrolls of blinking
 H - 4 scrolls of enchant armour {unknown}
 M - a scroll of poison
 N - 2 scrolls of fear
 R - a scroll of summoning {unknown}
Potions
 h - 5 potions of mutation {unknown}
 j - 11 potions of curing
 l - a potion of ambrosia
 m - 2 potions of haste {unknown}
 p - 5 potions of heal wounds {unknown}
 q - a potion of invisibility {unknown}
 t - 5 potions of lignification {unknown}
 u - 5 potions of berserk rage {unknown}
 I - a potion of attraction
 O - 6 potions of might
 S - 2 potions of cancellation
 T - 2 potions of resistance


   Skills:
 + Level 11.7 Fighting
 - Level 14.8(15.4) Axes
 + Level 7.0(11.8) Maces & Flails
 + Level 2.2 Throwing
 + Level 11.2 Armour
 + Level 8.0 Dodging
 + Level 3.4 Stealth
 + Level 0.4 Evocations


You had 11 spell levels left.
You didn't know any spells.
Your spell library contained the following spells:

 Spells                   Type           Power      Damage    Failure   Level
 Beastly Appendage        Tmut           0%         N/A       77%         1
 Magic Dart               Conj           0%         1d3       77%         1
 Sandblast                Erth           0%         2d4       77%         1
 Call Imp                 Summ           0%         N/A       88%         2
 Passwall                 Tmut/Erth      0%         N/A       88%         2
 Wereblood                Tmut           0%         N/A       88%         2
 Call Canine Familiar     Summ           0%         N/A       98%         3
 Gell's Gravitas          Tloc           0%         N/A       98%         3
 Lesser Beckoning         Tloc           0%         N/A       98%         3
 Mephitic Cloud           Conj/Pois/Air  0%         N/A       98%         3
 Ozocubu's Armour         Ice            0%         N/A       98%         3
 Portal Projectile        Hex/Tloc       0%         N/A       98%         3
 Spider Form              Tmut/Pois      0%         N/A       98%         3
 Stone Arrow              Conj/Erth      0%         3d7       98%         3
 Teleport Other           Tloc           0%         N/A       98%         3
 Leda's Liquefaction      Hex/Erth       0%         N/A       100%        4
 Yara's Violent Unravell  Hex/Tmut       0%         3d3       100%        5
 Enfeeble                 Hex            0%         N/A       100%        7
 Ozocubu's Refrigeration  Ice            0%         4d7       100%        7


Dungeon Overview and Level Annotations

Branches:
Dungeon (13/15)            Temple (1/1) D:4            Lair (0/5) D:8
    Orc (0/2) D:11         Bailey (visited)
 Vaults: D:13-14

Altars:
Ashenzari
Cheibriados
Dithmenos
Elyvilon
Fedhas
Gozag
Hepliaklqana
Kikubaaqudgha
Makhleb
Nemelex Xobeh
Okawaru
Qazlal
Ru
Sif Muna
Trog
Uskayaw
Vehumet
Wu Jian
Xom
Yredelemnul
Zin
The Shining One

Shops:
D:1 *   D:2 (   D:4 =   D:7 ??!(   D:8 :   D:12 !

Annotations:
D:12 Sonja


Innate Abilities, Weirdness & Mutations

You have a pair of horns on your head.
You reflexively headbutt those who attack you in melee.


Message History

You throw a poisoned dart. The poisoned dart barely misses Sonja.
You feel sick.
Sonja throws a curare-tipped dart.
The curare-tipped dart hits you.
You are more poisoned.
You have difficulty breathing.
You feel as though you will be slow longer.
You throw a poisoned dart. The poisoned dart misses Sonja.
You feel extremely sick.
Sonja throws a curare-tipped dart.
The curare-tipped dart misses you.
Sonja throws a curare-tipped dart.
The curare-tipped dart hits you.
You are more poisoned.
You have difficulty breathing.
You feel as though you will be slow longer.
Aiming: Charm
Press: ? - help, Shift-Dir - straight line, f/p - Sonja
Aim: Sonja, wielding a +2 short sword of distortion, quivering curare-tipped darts and carrying a wand of roots (2) (lightly wounded, very poisoned, chance to affect: 58%) Sonja is charmed.
You feel extremely sick.
You feel very sick.
You swap places.
You feel very sick. Really attack your ally Sonja?
You hit Sonja.
Sonja is no longer charmed.
Your headbutt misses Sonja.
Sonja is heavily wounded.
You feel sick.
Sonja gestures wildly while chanting.
Sonja blinks!
You feel very sick.
Sonja throws a curare-tipped dart.
The curare-tipped dart hits you.
You are more poisoned.
You have difficulty breathing.
* * * LOW HITPOINT WARNING * * *
You feel as though you will be slow longer.
You completely miss Sonja.
Sonja is severely wounded.
You feel very sick. Sonja hits you but does no damage.
Space warps horribly around you!
* * * LOW HITPOINT WARNING * * *
Sonja hits you but does no damage. Space warps horribly around you!!
You die...

#####################
....................
#((....(.##########
#........# #...>(...#
#.K.(....# #.@......#
########........#
#####
#.......§.......#
#....
#..≈≈≈.†######..#
##.... #.≈≈≈≈≈.# #.##
#..).. #.≈≈∩~≈.# #.#
#.#### #.≈~.~≈.# #.#
#.# #.#~.~#.# #.#
#.#### #.....(.# #.#
#.....


You could see Sonja (very poisoned).

Vanquished Creatures
  The ghost of ytrimaz the Bludgeoner, a journeyman OgBe of Trog (D:10)
  2 vault guards (Bailey)
  2 centaur warriors
  3 two-headed ogres
  2 manticores (D:12)
  An ugly thing (D:12)
  A deep elf pyromancer (D:12)
  3 cyclopes
  A kobold demonologist (D:11)
  A rime drake (D:8)
  3 meliai
  A polar bear (D:8)
  5 trolls
  A blink frog (Bailey)
  Prince Ribbit (D:9)
  2 dream sheep (D:8)
  2 shadows
  A vampire (D:11)
  3 humans (Bailey)
  2 steam dragons
  22 yaks
  2 vampire mosquitoes (D:11)
  An acid dragon (D:11)
  2 water moccasins (D:8)
  2 sky beasts (D:6)
  3 orc warriors
  Duvessa (D:5)
  2 ice beasts
  2 black bears
  6 centaurs
  A wolf (D:8)
  A phantom (D:6)
  A kobold brigand (D:9)
  5 bullfrogs
  4 scorpions
  A gnoll sergeant (D:12)
  A necrophage (D:6)
  4 wights (D:6)
  Dowan (D:5)
  A howler monkey (D:9)
  5 hounds
  2 jellies
  6 orc priests
  A gnoll bouda (D:8)
  3 iguanas
  9 orc wizards
  4 gnolls
  6 adders
  2 shadow imps
  A white imp (D:5)
  An ufetubus (D:5)
  5 dart slugs
  31 orcs
  9 ball pythons
  3 bats (D:2)
  9 endoplasms
  2 giant cockroaches (D:1)
  11 goblins
  5 hobgoblins
  3 jackals (D:1)
  12 kobolds
  A quokka (D:1)
  5 frilled lizards
  2 rats (D:1)
239 creatures vanquished.

Vanquished Creatures (collateral kills)
  A yak (D:12)
  A gnoll (D:12)
  An orc (D:12)
3 creatures vanquished.

Grand Total: 242 creatures vanquished

Notes
Turn   | Place    | Note
-------+----------+-------------------------------------------
     0 | D:1      | snetch the Minotaur Berserker began the quest for the Orb.
     0 | D:1      | Reached XP level 1. HP: 19/19 MP: 0/0
   144 | D:1      | Reached XP level 2. HP: 26/27 MP: 1/1
   145 | D:1      | Reached skill level 4 in Axes
   207 | D:1      | HP: 1/27 [gnoll/+0 whip (4)]
   362 | D:1      | Reached XP level 3. HP: 33/33 MP: 2/2
   532 | D:1      | Found Yhoepa's General Store.
   535 | D:1      | Bought a potion of ambrosia for 88 gold pieces
   781 | D:2      | Found Laniolor's Antique Weapon Shoppe.
  1320 | D:4      | Reached skill level 5 in Axes
  1320 | D:4      | Reached XP level 4. HP: 25/41 MP: 3/3
  1407 | D:2      | Reached ** piety under Trog
  2069 | D:3      | Found a snail-covered altar of Cheibriados.
  2091 | D:3      | Found a white marble altar of Elyvilon.
  2093 | D:3      | Found a burning altar of Makhleb.
  2309 | D:4      | Found a staircase to the Ecumenical Temple.
  2326 | D:5      | Entered Level 5 of the Dungeon
  2363 | Temple   | Entered the Ecumenical Temple
  2584 | D:5      | Reached skill level 1 in Stealth
  2584 | D:5      | Reached XP level 5. HP: 47/47 MP: 4/4
  2588 | D:5      | Reached skill level 5 in Fighting
  2743 | D:4      | Reached skill level 6 in Axes
  2747 | D:4      | Reached XP level 6. HP: 56/56 MP: 5/5
  2809 | D:4      | Found the macabre finger necklace {rN+}
  2857 | D:4      | Identified the +4 short sword of Truth {venom, *Rage rPois
                  | Str+5 Dex+2}
  2937 | D:4      | Found Ehak's Jewellery Shoppe.
  3265 | D:7      | Found Roma's Magic Scroll Boutique.
  3265 | D:7      | Found Pousk's Magic Scroll Boutique.
  3266 | D:7      | Found Gothyshra's Distillery.
  3266 | D:7      | Found Tenwopn's Weapon Boutique.
  3267 | D:7      | Noticed a yak
  3267 | D:7      | Noticed a yak
  3267 | D:7      | Noticed a yak
  3267 | D:7      | Noticed a yak
  3313 | D:5      | Reached skill level 7 in Axes
  3324 | D:6      | Noticed a sky beast
  3330 | D:6      | Killed a sky beast
  3331 | D:6      | Reached XP level 7. HP: 61/61 MP: 6/6
  3527 | D:5      | Reached skill level 8 in Axes
  3721 | D:5      | Noticed Dowan
  3722 | D:5      | Noticed Duvessa
  3732 | D:5      | Killed Dowan
  3733 | D:5      | Reached XP level 8. HP: 52/70 MP: 7/7
  3743 | D:5      | Killed Duvessa
  3744 | D:5      | Reached skill level 9 in Axes
  4520 | D:6      | Reached skill level 10 in Axes
  4575 | D:7      | Reached *** piety under Trog
  4576 | D:7      | Reached skill level 5 in Armour
  4576 | D:7      | Reached skill level 5 in Dodging
  4578 | D:7      | Reached skill level 11 in Axes
  4578 | D:7      | Reached XP level 9. HP: 65/78 MP: 8/8
  4603 | D:7      | Bought a scroll of fog for 52 gold pieces
  4603 | D:7      | Bought a scroll of fear for 52 gold pieces
  4603 | D:7      | Bought a scroll of noise for 13 gold pieces
  4626 | D:7      | Bought a potion of curing for 42 gold pieces
  4626 | D:7      | Bought a potion of might for 56 gold pieces
  4626 | D:7      | Bought a potion of degeneration for 14 gold pieces
  5193 | D:8      | Noticed a polar bear
  5518 | D:7      | Reached skill level 12 in Axes
  5786 | D:8      | Noticed a rime drake
  5791 | D:8      | Killed a rime drake
  5823 | D:8      | Found a staircase to the Lair.
  5912 | D:8      | Killed a polar bear
  5921 | D:8      | Reached XP level 10. HP: 75/88 MP: 9/9
  5997 | D:8      | Reached skill level 13 in Axes
  6064 | D:8      | Found an ancient bone altar of Kikubaaqudgha.
  6118 | D:9      | Noticed Prince Ribbit
  6153 | D:9      | Reached **** piety under Trog
  6160 | D:9      | Killed Prince Ribbit
  6234 | D:8      | Found a basalt altar of Yredelemnul.
  6627 | D:8      | Found Baeb's Book Shoppe.
  6634 | D:8      | Reached skill level 14 in Axes
  6919 | D:10     | Entered Level 10 of the Dungeon
  7280 | D:10     | Found a flagged portal.
  7305 | Bailey   | Entered a bailey
  7402 | Bailey   | Reached XP level 11. HP: 81/97 MP: 10/10
  7511 | Bailey   | Noticed a vault guard
  7533 | Bailey   | Killed a vault guard
  7604 | Bailey   | Noticed a vault guard
  7610 | Bailey   | Killed a vault guard
  7611 | Bailey   | Reached skill level 1 in Maces & Flails
  7835 | D:9      | Upgraded the game from 0.30-a0-341-g682706514a to
                  | 0.30-a0-354-g6b83867211
  7988 | D:9      | Noticed a two-headed ogre
  7996 | D:9      | Killed a two-headed ogre
  8541 | D:10     | Found a runed translucent door.
  8541 | D:10     | Noticed a centaur warrior
  8541 | D:10     | Noticed ytrimaz's ghost (journeyman OgBe)
  8556 | D:10     | Killed a centaur warrior
  8557 | D:10     | Reached skill level 10 in Fighting
  8569 | D:10     | Killed ytrimaz's ghost
  8577 | D:10     | Identified the +3 glaive "Torol" {speed, rC+ Str+6}
  8755 | D:11     | Noticed a two-headed ogre
  8758 | D:11     | Killed a two-headed ogre
  8759 | D:11     | Reached skill level 1 in Throwing
  8759 | D:11     | Reached skill level 10 in Armour
  8847 | D:10     | Found a sacrificial altar of Ru.
  8903 | D:11     | Found a glowing silver altar of Zin.
  8955 | D:11     | Found a staircase to the Orcish Mines.
  9706 | D:11     | Reached XP level 12. HP: 110/110 MP: 11/11
  9721 | D:12     | Reached skill level 5 in Maces & Flails
 10201 | D:11     | Noticed a two-headed ogre
 10206 | D:11     | Killed a two-headed ogre
 10664 | D:12     | Noticed a centaur warrior
 10680 | D:12     | Killed a centaur warrior
 10847 | D:12     | Found Coluf's Distillery.
 10862 | D:12     | Noticed Sonja
 10883 | D:12     | Demolished by Sonja

Illustrated notes

Levels and vault maps discovered:
D:1:      psy_arrival_fountain, layout_basic, serial_shops,
          nicolae_shop_behind_doors
D:2:      layout_basic, serial_shops, shop, minmay_diced_spiral
D:3:      layout_rooms, nicolae_overflow_hidden_temple, cheibriados_altar_1,
          hex_intersection, grunt_decor_fettered, kennysheep_nub
D:4:      layout_gridville, minmay_temple_entry_sparse_star, serial_shops,
          nicolae_shop_hallway_plus
D:5:      layout_rooms, kennysheep_small_spiral, hex_large, interstate_on_off,
          uniq_duvessa
D:6:      layout_basic, patterned_corridor
D:7:      layout_basic, minmay_shop_grid_forest, bh_walls_and_bars
D:8:      layout_loops_ring, mainiacjoe_overflow_24_doors,
          nicolae_kikubaaqudgha_miasma_corner, hellmonk_lair_entry_icy,
          serial_shops, nicolae_lakefront_shop, dreamdust_gnoll_shepherd
D:9:      layout_basic, nicolae_fountain_basement, uniq_prince_ribbit1
D:10:     layout_loops_ring, nicolae_ru_path_of_blood,
          ebering_ghost_inner_flame, enter_bailey_1, nicolae_figureground_pulse
D:11:     minmay_bubble_buster, layout_basic, minmay_orc_entry_temple_small,
          zin_academy
D:12:     layout_small_grid, serial_shops, nicolae_shop_waterfront, uniq_sonja
D:13:     layout_basic, drop_trap, hangedman_decor_clover_reticule, hex_tiny,
          nrook_uturn, uniq_maurice
Temple:   nicolae_temple_elliptical

Skill      XL: |  1  2  3  4  5  6  7  8  9 10 11 12 |
---------------+-------------------------------------+-----
Axes           | 4 5 6 7 8 11 12 14 | 14.8
Fighting       | 4 5 6 7 9 11 | 11.7
Stealth        | 1 2 3 |  3.4
Dodging        | 3 4 5 6 7 8 |  8.0
Armour         | 3 5 7 8 10 11 | 11.2
Maces & Flails | 4 7 |  7.0
Throwing       | 2 |  2.2
Evocations     | |  0.4

Action                   |  1- 3 |  4- 6 |  7- 9 | 10-12 || total
-------------------------+-------+-------+-------+-------++-------
Melee: Hand axe          |    57 |   116 |   217 |   178 ||   568
       Headbutt          |     8 |    28 |    51 |    91 ||   178
       Punch             |     1 |     1 |     4 |     6 ||    12
       Whip              |       |       |       |   211 ||   211
Throw: Stone             |     1 |       |       |       ||     1
       Dart              |       |       |       |    23 ||    23
Invok: Berserk           |     1 |     1 |     1 |     5 ||     8
       Trog's Hand       |       |     2 |     2 |     4 ||     8
       Brothers in Arms  |       |       |       |     2 ||     2
Evoke: Wand              |       |       |       |     2 ||     2
  Use: Scroll            |       |       |       |     8 ||     8
 Stab: Sleeping          |     1 |     2 |       |       ||     3
Armor: Animal skin       |    12 |       |       |       ||    12
       Leather armour    |     2 |    16 |       |       ||    18
       Pearl dragon scal |       |    28 |    87 |   144 ||   259
Dodge: Dodged            |    35 |    86 |   171 |   282 ||   574

Table legend: (Time is in decaauts)
 A = Elapsed time spent in this place.
 B = Non-inter-level travel time spent in this place.
 C = Inter-level travel time spent in this place.
 D = Time resting spent in this place.
 E = Time spent auto-exploring this place.
 F = Levels seen in this place.
 G = Mean time per level.
                   A        B        C        D        E       F      G
               +--------+--------+--------+--------+--------+-----+--------+
         Total |  10765 |  10057 |    708 |    455 |   6540 |  15 |  717.7 |
       Dungeon |  10274 |   9589 |    685 |    455 |   6233 |  13 |  790.3 |
        Temple |    171 |    148 |     23 |      0 |    134 |   1 |  171.0 |
        Bailey |    319 |    319 |      0 |      0 |    173 |   1 |  319.0 |
               +--------+--------+--------+--------+--------+-----+--------+

Top non-repeatable levels by time:
    D:11: 1456 daAuts
     D:2: 1067 daAuts
     D:6: 1066 daAuts
    D:10: 938 daAuts
     D:8: 907 daAuts
     D:9: 864 daAuts
     D:5: 828 daAuts
     D:7: 715 daAuts
     D:1: 713 daAuts
     D:4: 659 daAuts
    D:12: 535 daAuts
     D:3: 517 daAuts
  Bailey: 319 daAuts
  Temple: 171 daAuts
    D:13: 3 daAuts
